 Dungeon Crawl Stone Soup version 0.29.1-2-gbd0b4ee654 (webtiles) character file.

Game seed: 1619315373650448286

61 JayTehDuck the Conjurer (level 3, -26/26 HPs)
             Began as a Demigod Conjurer on Nov 14, 2022.
             Killed by an exploding orc (30 damage)
             ... ignited by their inner flame
             ... on level 3 of the Dungeon.
             The game lasted 00:02:01 (2665 turns).

JayTehDuck the Conjurer (Demigod Conjurer)          Turns: 2665, Time: 00:02:02

Health: -26/26     AC:  2    Str:  8    XL:     3   Next: 58%
Magic:  0/8        EV: 12    Int: 24    God:
Gold:   106        SH:  0    Dex: 12    Spells: 5/6 levels left

rFire   . . .      SeeInvis .   (no weapon)
rCold   . . .      Faith    .   (no shield)
rNeg    . . .      Spirit   .   a - +0 robe
rPois   .          Reflect  .   (no helmet)
rElec   .          Harm     .   (no cloak)
rCorr   .          Rampage  .   (no gloves)
Will    .....                   (no boots)
Stlth   ++........              (no amulet)
HPRegen 0.08/turn               (no ring)
MPRegen 0.11/turn               (no ring)

@: no status effects
A: high MP 1, forlorn, divine attributes
a: no special abilities


You were on level 3 of the Dungeon.
You visited 1 branch of the dungeon, and saw 3 of its levels.

You collected 106 gold pieces.

Inventory:

Armour
 a - a +0 robe (worn)
Jewellery
 l - a ring of protection from cold
Scrolls
 d - a scroll of enchant armour {unknown}
 h - 2 scrolls of identify {unknown}
 k - a scroll of fear {unknown}
Potions
 b - a potion of magic
 c - a potion of mutation {unknown}
 e - 2 potions of cancellation {unknown}
 f - a potion of might {unknown}
 g - 2 potions of flight {unknown}
 j - 3 potions of heal wounds {unknown}


   Skills:
 + Level 2.1 Dodging
 + Level 2.0 Stealth
 + Level 2.1 Spellcasting
 + Level 4.5 Conjurations


You had 5 spell levels left.
You knew the following spells:

 Your Spells              Type           Power      Damage    Failure   Level
a - Magic Dart            Conj           96%        1d7       1%          1

Your spell library contained the following spells:

 Spells                   Type           Power      Damage    Failure   Level
 Searing Ray              Conj           48%        2d6       2%          2
 Dazzling Flash           Conj/Hex       26%        N/A       14%         3
 Sublimation of Blood     Necr           2%         N/A       19%         2
 Wereblood                Tmut           2%         N/A       19%         2
 Fulminant Prism          Conj/Hex       6%         3d7       43%         4
 Iskenderun's Mystic Bla  Conj/Tloc      13%        2d5       43%         4
 Summon Ice Beast         Ice/Summ       2%         N/A       75%         4
 Summon Mana Viper        Hex/Summ       2%         N/A       97%         5
 Monstrous Menagerie      Summ           1%         N/A       100%        7
 Summon Hydra             Summ           1%         N/A       100%        7


Dungeon Overview and Level Annotations

Branches:
Dungeon (3/15)


Innate Abilities, Weirdness & Mutations

You have an increased reservoir of magic. (+10% MP)
You shall have no god before yourself.
Your divine heritage dramatically boosts your attributes as you level up.


Message History

You see here a +0 ring mail.
The orc misses you.
Found 5 stones.
The orc hits you with a +0 club. The orc attacks as you move away!
The orc hits you with a +0 club. The orc hits you with a +0 club.
Aiming: Magic Dart (safe; 1% risk of failure)
Press: ? - help, Q - select action Shift-Dir - straight line, f - orc
Aim: an orc, wielding a +0 club and wearing a +0 ring mail (100% to hit)
The magic dart hits the orc but does no damage.
The orc hits you with a +0 club.
Aiming: Magic Dart (safe; 1% risk of failure)
Press: ? - help, Q - select action Shift-Dir - straight line, f/p - orc
Aim: an orc, wielding a +0 club and wearing a +0 ring mail (100% to hit)
The magic dart hits the orc.
The orc is moderately wounded.
The orc misses you.
You are out of magic!
You are out of magic!
The orc attacks as you move away! The orc hits you with a +0 club.
The orc attacks as you move away! The orc closely misses you.
Aiming: Magic Dart (safe; 1% risk of failure)
Press: ? - help, Q - select action Shift-Dir - straight line, f/p - orc
Aim: an orc, wielding a +0 club and wearing a +0 ring mail (moderately wounded, 100% to hit)
The magic dart hits the orc.
The orc is heavily wounded.
The orc hits you but does no damage. The orc attacks as you move away!
The orc hits you with a +0 club. The orc attacks as you move away!
The orc hits you with a +0 club. The orc attacks as you move away!
The orc barely misses you.
As you read the scroll labelled LEARADAWNO, it crumbles to dust.
The creatures around you are filled with an inner flame!
It was a scroll of immolation.
The orc hits you with a +0 club.
* * * LOW HITPOINT WARNING * * *
You hit the orc.
Flame seeps out of the orc.
The orc is severely wounded.
The orc is engulfed in blazing flames.
The orc explodes!
The fiery explosion engulfs you!!
Ouch! That really hurt!
You die...

####### #.....#
#@.§..# #.○§..#
#§§§..# ####.(##
#...# #...###
###...# #...##
###########...###


There were no monsters in sight!

Vanquished Creatures
  An adder (D:2)
  2 dart slugs
  3 orcs (D:3)
  4 bats
  8 endoplasms
  5 giant cockroaches
  5 hobgoblins
  3 kobolds
  2 quokkas (D:3)
  3 ball pythons
  3 goblins
  3 rats
42 creatures vanquished.

Notes
Turn   | Place    | Note
-------+----------+-------------------------------------------
     0 | D:1      | JayTehDuck the Demigod Conjurer began the quest for the
                  | Orb.
     0 | D:1      | Reached XP level 1. HP: 14/14 MP: 5/5
   342 | D:1      | Reached skill level 4 in Conjurations
   411 | D:1      | Reached XP level 2. HP: 20/20 MP: 2/7
  1835 | D:2      | Reached XP level 3. HP: 26/26 MP: 4/8
  2665 | D:3      | Killed by an exploding orc... ignited by their inner flame

Illustrated notes

Levels and vault maps discovered:
D:1:      kilobyte_arrival_exit_the_forest, layout_basic,
          minmay_shallow_snake_nest
D:2:      layout_loops_ring, basic_altar
D:3:      layout_rooms, lemuel_doored_altar, ebering_ecumenical_altar_mist

Skill      XL: |  1  2  3 |
---------------+----------+-----
Conjurations   | 4 |  4.5
Dodging        | 2 |  2.1
Spellcasting   | 2 |  2.1
Stealth        | 2 |  2.0

Action                   || total
-------------------------++-------
Melee: Unarmed           ||     1
 Cast: Magic Dart        ||    91
  Use: Scroll            ||     1
Armor: Robe              ||     2
Dodge: Dodged            ||     8
